 Dungeon Crawl Stone Soup version 0.31-a0-1620-gcbf77bbcfc (webtiles) character file.

Game seed: 13588714578650725596

1740 Drazool the Frost Mage (level 9, -8/63 HPs)
             Began as a Barachi Ice Elementalist on Jan 11, 2024.
             Was an Initiate of Sif Muna.
             Killed from afar by a gargoyle (24 damage)
             ... with a stone arrow
             ... on level 6 of the Dungeon.
             The game lasted 00:26:58 (7098 turns).

Drazool the Frost Mage (Barachi Ice Elementalist)   Turns: 7098, Time: 00:26:58

Health: -8/63      AC: 10    Str:  9    XL:     9   Next: 5%
Magic:  12/15      EV: 13    Int: 19    God:    Sif Muna [......]
Gold:   224        SH:  0    Dex: 14    Spells: 6/16 levels left

rFire   . . .        h - +0 dagger (chaos)
rCold   . . .        (no shield)
rNeg    . . .        a - +0 robe
rPois   .            (no helmet)
rElec   .            (no cloak)
rCorr   .            (no gloves)
SInv    .            (no boots)
Will    .....        (no amulet)
Stlth   ++           Z - ring of wizardry
HPRegen 0.30/turn    (no ring)
MPRegen 0.14/turn

%: wizardry (x1)
@: ice-armoured, freezing walls, slow
A: amphibious, slowness 1, strong legs 1, +LOS
a: Hop, Renounce Religion


You were on level 6 of the Dungeon.
You worshipped Sif Muna.
Sif Muna was noncommittal.
You visited 1 branch of the dungeon, and saw 6 of its levels.

You collected 260 gold pieces.
You spent 36 gold pieces at shops.


Innate Abilities, Weirdness & Mutations

You are amphibious.
You cover ground slowly.
You can hop short distances.
You have an extended range of vision and can be seen from far away.


   Skills:
 - Level 3.0 Fighting
 - Level 4.0 Dodging
 - Level 2.0 Stealth
 - Level 4.0 Spellcasting
 - Level 4.0 Summonings
 - Level 9.0 Ice Magic
 + Level 5.3 Invocations
 - Level 3.0 Evocations


You had 6 spell levels left.
You knew the following spells:

 Your Spells              Type           Power      Damage    Failure   Level
b - Summon Ice Beast      Ice/Summ       28%        N/A       1%          3
f - Freeze                Ice            100%       1d10      1%          1
o - Ozocubu's Armour      Ice            38%        N/A       1%          3
r - Frozen Ramparts       Ice            76%        1d12      1%          3

Your spell library contained the following spells:

 Spells                   Type           Power      Damage    Failure   Level
 Blink                    Tloc           6%         N/A       9%          2
 Lesser Beckoning         Tloc           6%         N/A       9%          2
 Momentum Strike          Conj/Tloc      6%         3d8       9%          2

Inventory:

Hand Weapons
 h - a +0 dagger of chaos (weapon)
Missiles
 w - 4 poisoned darts
 x - 6 curare-tipped darts {=f}
Armour
 a - a +0 robe (worn)
 o - a +0 helmet
Jewellery
 C - a ring of ice
 Z - a ring of wizardry (left hand)
Wands
 p - a wand of flame (33)
Scrolls
 c - 3 scrolls of teleportation {@r2}
 d - a scroll of poison
 e - a scroll of revelation
 j - a scroll of vulnerability
 u - a scroll of enchant weapon
Potions
 b - a potion of magic
 f - a potion of cancellation {unknown}
 g - a potion of heal wounds {unknown}
 k - a potion of haste {unknown}
 l - a potion of lignification {unknown}
 m - 2 potions of berserk rage {unknown}
 r - a potion of enlightenment {unknown}
 s - a potion of might {unknown}
 t - a potion of resistance {unknown}

Dungeon Overview and Level Annotations

Branches:
Dungeon (6/15)
 Temple: D:4-7

Altars:
Ashenzari
Dithmenos
Qazlal
Sif Muna
Wu Jian
Xom
Yredelemnul
Zin

Shops:
D:1 *   D:2 [   D:4 [

Annotations:
D:5 Jeremiah

#######........####**##,*
#######......###..,,..,<*
#######......###.#,.#****
#####.......####.*..#,,,,
#####.####...#.....,,,***
#####.......##.#'##.#** *
##########..##.ยง....# *
####.[...#..#.9...[.# *
####....@#.........## *
####...Y9#..#.#....#
####.....'..#.#....#
####.....#.##.#....#
####.....#.##.#....#
####.....#.##.#....#
####.....#....#....#
####.....######..,.# *
####.....######..,,* *


You could see a gargoyle (ally target) and a friendly ice beast (summoned).


Message History

The gargoyle misses you.
Your ice beast hits the gargoyle but does no damage.
Unknown command.
You feel less invigorated.
You feel less confused. The gargoyle hits you with a +0 mace!
* * * LOW HITPOINT WARNING * * *
Your ice beast hits the gargoyle but does no damage.
Unknown command.
Casting: Summon Ice Beast (safe; 1% risk of failure)
Confirm with . or Enter, or press ? or * to list all spells.
Casting: Frozen Ramparts (safe; 1% risk of failure)
Press: ? - help, Dir - look around, f - activate A stone staircase leading up, spattered with blood.
The walls around you are covered in ice.
The wall freezes the gargoyle but does no damage.
The gargoyle hits you with a +0 mace!
* * * LOW HITPOINT WARNING * * *
Your ice beast hits the gargoyle but does no damage.
You feel better.
The wall freezes the gargoyle.
The gargoyle misses you.
Your ice beast barely misses the gargoyle.
Aiming: Freeze (safe; 1% risk of failure)
Press: ? - help, Q - select action, (/) - cycle Shift-Dir - straight line, f - gargoyle
Aim: a gargoyle, wielding a +0 mace (heavily damaged, ally target)
You freeze the gargoyle.
The gargoyle is heavily damaged.
The wall freezes the gargoyle!
The gargoyle hurls a stone arrow at you.
The stone arrow hits you!!
You die...

Skill      XL: |  1  2  3  4  5  6  7  8 |
---------------+-------------------------+-----
Ice Magic      | 5 6 7 8 9 |  9.0
Spellcasting   | 4 |  4.0
Summonings     | 3 4 |  4.0
Fighting       | 3 |  3.0
Stealth        | 2 |  2.0
Dodging        | 3 4 |  4.0
Evocations     | 3 |  3.0
Invocations    | 2 5 |  5.3

Action                     |  1- 3 |  4- 6 |  7- 9 || total
---------------------------+-------+-------+-------++-------
  Melee: Unarmed           |     3 |     4 |       ||     7
         Dagger            |       |    21 |    55 ||    76
  Throw: Stone             |       |       |     1 ||     1
         Dart              |       |       |     6 ||     6
   Cast: Freeze            |    29 |     6 |     5 ||    40
         Frozen Ramparts   |    10 |    21 |    32 ||    63
         Ozocubu's Armour  |       |     5 |     4 ||     9
         Summon Ice Beast  |       |     2 |    27 ||    29
Ability: Hop               |     1 |       |     2 ||     3
  Evoke: Wand              |       |     6 |     2 ||     8
    Use: Scroll            |       |     5 |     9 ||    14
         Potion            |       |       |     2 ||     2
 Armour: Robe              |    18 |    16 |    54 ||    88
  Dodge: Dodged            |    24 |    12 |    53 ||    89

Levels and vault maps discovered:
D:1:      elethiomel_arrival_shortcut, layout_loops_ring, serial_shops, shop
D:2:      layout_rooms, serial_shops, nicolae_shop_advertising_works
          [nicolae_subvault_shop_adworks], basic_altar, uniq_robin, uniq_terence
D:3:      layout_basic, minmay_misc_feat_columns, feat_on_display, uniq_jessica,
          uniq_natasha, uniq_grinder
D:4:      minmay_recursive_quarters, layout_gridville,
          nicolae_overflow_hidden_temple, kennysheep_mini_moat, serial_shops,
          nicolae_shop_tiny_waterfront, minmay_misc_feat_cross
D:5:      layout_gridville, nicolae_dithmenos_the_darkroom,
          grunt_temple_overflow_cloverleaf, serial_glass, glass_columns_b,
          glass_columns_a, glass_columns_c, glass_columns_b, glass_columns_b,
          glass_columns_a, hangedman_decor_push, blue_anna_alchemist, uniq_ijyb,
          uniq_sigmund
D:6:      layout_basic, mainiacjoe_overflow_alcove_2, gup_ossuary_entry_pyramid,
          nicolae_elemental_shop, uniq_jeremiah, uniq_edmund,
          uniq_prince_ribbit1

Notes
Turn   | Place    | Note
-------+----------+-------------------------------------------
     0 | D:1      | Drazool the Barachi Ice Elementalist began the quest for
                  | the Orb.
     0 | D:1      | Reached XP level 1. HP: 13/13 MP: 3/3
     8 | D:1      | Reached skill level 5 in Ice Magic
   155 | D:1      | Reached XP level 2. HP: 19/19 MP: 3/5
   279 | D:1      | Found Cumo's General Store.
   388 | D:1      | Bought a potion of curing for 36 gold pieces
   619 | D:1      | You fall into a shaft and drop 1 floor!
   763 | D:2      | Reached XP level 3. HP: 24/24 MP: 4/6
   767 | D:2      | Learned a level 3 spell: Frozen Ramparts
   873 | D:1      | Reached skill level 6 in Ice Magic
  1138 | D:2      | Noticed Robin
  1201 | D:2      | Noticed Terence
  1559 | D:2      | Found Enasodisy's Antique Armour Emporium.
  1617 | D:2      | Killed Robin
  1752 | D:2      | Reached XP level 4. HP: 30/30 MP: 3/7
  1793 | D:1      | Learned a level 3 spell: Ozocubu's Armour
  1805 | D:2      | Killed Terence
  1806 | D:2      | Reached skill level 7 in Ice Magic
  2121 | D:2      | Found a shimmering altar of Xom.
  2820 | D:3      | Noticed Natasha
  2822 | D:3      | Killed Natasha
  2823 | D:3      | Reached XP level 5. HP: 35/35 MP: 3/8
  2993 | D:3      | Reached skill level 3 in Spellcasting
  3191 | D:3      | Noticed Natasha
  3200 | D:3      | Killed Natasha
  3207 | D:2      | Learned a level 3 spell: Summon Ice Beast
  3286 | D:3      | Noticed Grinder
  3306 | D:3      | Killed Grinder
  3307 | D:3      | Reached skill level 4 in Spellcasting
  3307 | D:3      | Reached skill level 3 in Summonings
  3307 | D:3      | Reached XP level 6. HP: 31/41 MP: 2/12
  3391 | D:3      | Noticed Jessica
  3404 | D:3      | Killed Jessica
  3405 | D:3      | Reached skill level 4 in Summonings
  3413 | D:3      | Reached XP level 7. HP: 46/46 MP: 6/13
  3810 | D:3      | Noticed Natasha
  3815 | D:3      | Killed Natasha
  3941 | D:4      | Reached skill level 8 in Ice Magic
  3941 | D:4      | Reached skill level 2 in Fighting
  4130 | D:4      | Found an ornate altar of the Wu Jian Council.
  4239 | D:4      | Found a basalt altar of Yredelemnul.
  4245 | D:4      | Reached skill level 3 in Fighting
  4245 | D:4      | Reached skill level 2 in Stealth
  4429 | D:4      | Reached skill level 3 in Dodging
  4742 | D:4      | Reached skill level 1 in Evocations
  4782 | D:4      | Found Atenkiaw's Armour Boutique.
  4874 | D:4      | Reached skill level 2 in Evocations
  5123 | D:5      | Entered Level 5 of the Dungeon
  5192 | D:5      | Found a broken altar of Ashenzari.
  5195 | D:5      | Found a glowing silver altar of Zin.
  5198 | D:5      | Found a shimmering blue altar of Sif Muna.
  5202 | D:5      | Became a worshipper of Sif Muna the Loreminder
  5208 | D:5      | Found a stormy altar of Qazlal.
  5223 | D:5      | Noticed Sigmund
  5242 | D:5      | Killed Sigmund
  5243 | D:5      | Reached skill level 3 in Evocations
  5243 | D:5      | Reached skill level 2 in Invocations
  5243 | D:5      | Reached XP level 8. HP: 56/58 MP: 6/14
  5473 | D:5      | Reached skill level 3 in Invocations
  5514 | D:5      | Reached skill level 4 in Invocations
  5923 | D:5      | Noticed Ijyb
  5933 | D:5      | Killed Ijyb
  6038 | D:5      | Found a shadowy altar of Dithmenos.
  6537 | D:6      | Reached skill level 5 in Invocations
  6537 | D:6      | Noticed Jeremiah
  6757 | D:6      | Noticed Edmund
  6809 | D:5      | Killed Edmund
  6810 | D:5      | Reached skill level 4 in Dodging
  6874 | D:5      | Reached skill level 9 in Ice Magic
  6874 | D:5      | Reached XP level 9. HP: 63/63 MP: 15/15
  7071 | D:6      | Noticed a gargoyle
  7098 | D:6      | Killed from afar by a gargoyle

Vanquished Creatures
  Grinder (D:3)
  Edmund (D:5)
  A water moccasin (D:5)
  A kobold brigand (D:5)
  A scorpion (D:6)
  A jelly (D:5)
  A hound (D:5)
  Jessica (D:3)
  Ijyb (D:5)
  Natasha (twice) (D:3)
  Terence (D:2)
  An iguana (D:4)
  2 orc wizards
  Robin (D:2)
  4 gnolls (D:3)
  2 adders
  A dart slug (D:2)
  3 ribbon worms
  7 orcs
  5 bats
  6 endoplasms
  2 giant cockroaches
  10 goblins
  10 hobgoblins
  11 jackals
  A quokka (D:3)
  7 ball pythons
  A frilled lizard (D:1)
  8 kobolds
  5 rats
99 creatures vanquished.

Vanquished Creatures (collateral kills)
  Sigmund (D:5)
  A water moccasin (D:6)
  2 ice beasts
  A phantom (D:4)
  A scorpion (D:5)
  A bombardier beetle (D:5)
  2 hounds
  Natasha (D:3)
  A gnoll (D:4)
  3 adders
  A shadow imp (D:6)
  A white imp (D:6)
  A ribbon worm (D:4)
  An orc (D:4)
  An endoplasm (D:4)
  A goblin (D:4)
  2 kobolds (D:4)
22 creatures vanquished.

Grand Total: 121 creatures vanquished

Table legend: (Time is in decaauts)
 A = Elapsed time spent in this place.
 B = Non-inter-level travel time spent in this place.
 C = Inter-level travel time spent in this place.
 D = Time resting spent in this place.
 E = Time spent auto-exploring this place.
 F = Levels seen in this place.
 G = Mean time per level.
                   A        B        C        D        E       F      G
               +--------+--------+--------+--------+--------+-----+--------+
         Total |   7865 |   7032 |    833 |    730 |   4928 |   6 | 1310.8 |
       Dungeon |   7865 |   7032 |    833 |    730 |   4928 |   6 | 1310.8 |
               +--------+--------+--------+--------+--------+-----+--------+

Top non-repeatable levels by time:
     D:5: 2015 daAuts
     D:3: 1691 daAuts
     D:4: 1437 daAuts
     D:1: 1410 daAuts
     D:2: 1226 daAuts
     D:6: 83 daAuts

Table legend:
 A = Non-vault XP
 B = Vault XP
 C = Vault XP percentage of total XP
 D = Non-vault monster count
 E = Vault monster count
 F = Vault count percentage of total count
                 A         B        C        D         E       F
            +---------+---------+-------+---------+---------+-------
      Total |    1466 |    1020 |  41.0 |      91 |      30 |  24.8
            +---------+---------+-------+---------+---------+-------
        D:1 |      29 |       0 |   0.0 |      19 |       0 |   0.0
        D:2 |      28 |      73 |  72.3 |      14 |      13 |  48.1
        D:3 |     180 |     354 |  66.3 |      26 |       3 |  10.3
        D:4 |     369 |      62 |  14.4 |      16 |      10 |  38.5
        D:5 |     556 |     531 |  48.9 |      11 |       4 |  26.7
        D:6 |     304 |       0 |   0.0 |       5 |       0 |   0.0
            +---------+---------+-------+---------+---------+-------
